 Dungeon Crawl Stone Soup version 0.17.1-3-g152610e (webtiles) character file.

86 Gargoyl the Skirmisher (level 4, -3/36 HPs)
             Began as a Demonspawn Abyssal Knight on Apr 8, 2016.
             Was a Believer of Lugonu.
             Killed from afar by nebel's ghost (13 damage)
             ... with a spray of energy
             ... on level 3 of the Dungeon.
             The game lasted 00:04:54 (2314 turns).

Gargoyl the Skirmisher (Demonspawn Abyssal Knight)  Turns: 2314, Time: 00:04:54

Health: -3/36      AC: 14    Str: 13    XL:     4   Next: 26%
Magic:  6/6        EV:  6    Int: 13    God:    Lugonu [**....]
Gold:   214        SH:  0    Dex: 13    Spells: 0 memorised, 3 levels left

rFire  . . .     SeeInvis .     h - +0 hand axe (freeze)
rCold  . . .     Clarity  .     s - +0 chain mail
rNeg   . . .     SustAt   .     (no shield)
rPois  +         Gourm    .     (no helmet)
rElec  .         Spirit   .     e - +2 cloak
rCorr  .         Warding  .     (no gloves)
rMut   .         Stasis   .     (no boots)
MR     .....                    (no amulet)
Stlth  ..........               (no ring)
                                j - ring of poison resistance

@: confused, lethally poisoned (-3 -> -6), not resistant to hostile
enchantments, extremely unstealthy
A: hooves 1, thin metallic scales 1, powered by death 1
a: Depart the Abyss, Bend Space, Renounce Religion


You were on level 3 of the Dungeon.
You worshipped Lugonu.
Lugonu was pleased with you.
You were not hungry.

You visited 1 branch of the dungeon, and saw 3 of its levels.
You visited the Abyss 1 time.

You collected 214 gold pieces.

Inventory:

Hand Weapons
 h - a +0 hand axe of freezing (weapon)
 q - a +0 war axe of draining
Missiles
 a - 3 curare-tipped needles
 n - 2 javelins (quivered)
Armour
 e - a +2 cloak (worn)
 s - a +0 chain mail (worn)
Jewellery
 j - a ring of poison resistance (left hand)
Scrolls
 k - a scroll of fog
 m - 4 scrolls of teleportation
Potions
 g - a potion of brilliance {unknown}
 i - a potion of curing
 p - a potion of cancellation {unknown}
Comestibles
 b - a royal jelly
 c - 3 bread rations
 d - 2 slices of pizza
 f - 2 meat rations
 l - a chunk of flesh


   Skills:
 + Level 3.6 Fighting
 + Level 2.3 Axes
 * Level 2.5 Armour
 + Level 1.7 Dodging
 + Level 3.0 Invocations


You had 3 spell levels left.
You didn't know any spells.

Dungeon Overview and Level Annotations

Branches:
Dungeon (3/15)

Altars:

Annotations:
D:3 nebel's ghost, amateur DECj


Innate Abilities, Weirdness & Mutations

You have large cloven feet.
You are partially covered in thin metallic scales (AC +2).
You regenerate a little health from kills.


Message History

Nebel's ghost is heavily damaged.
You feel sick.
Nebel's ghost points at you and mumbles some strange words.
The spray of energy hits you!
You are confused.
You barely miss nebel's ghost.
Nebel's ghost is heavily damaged.
You feel sick.
Nebel's ghost hits you but does no damage.
You bump into the rock wall.
Nebel's ghost hits you but does no damage.
You bump into the rock wall.
You feel sick. Nebel's ghost casts a spell at you.
The spray of energy hits you!
* * * LOW HITPOINT WARNING * * *
You barely miss nebel's ghost.
Nebel's ghost is heavily damaged.
Nebel's ghost casts a spell at you. The spray of energy hits you!
You die...

*,<,,,,***,*,,*
##*##.......##,*,,*
*#.##.........#,*,,*
*...,.........#,*,**
*#.#*.........#,*,*
#.#*#.......#*,*,*
##############.# #r.....#**,*,***
>..............###.#....###,*,,,,
.#######.####...@Wr.$......,,,,,,
.# ##.#.###..########.#..,,,,,,
.# #.###.....# *,,,***,,,,
.######.#.####.# *******,,,*
....# *#.## #.########** *,,,**
....# #.# #.........,****,,**
....# #.# #.######..,,,**,,,**
....# ##)## #.# *,,,,,***,,,*
....# #...####.# *,,,,,,,,,,,,


You could see nebel's ghost and a quokka.

Vanquished Creatures
  2 adders (D:3)
  2 giant geckos
  An orc (D:3)
  2 bats
  4 giant cockroaches
  11 goblins
  9 hobgoblins
  2 jackals (D:2)
  11 kobolds
  A quokka (D:2)
  3 ball pythons
  2 giant newts
  9 rats
59 creatures vanquished.

Notes
Turn   | Place    | Note
--------------------------------------------------------------
     0 | Abyss:1  | Gargoyl the Demonspawn Abyssal Knight began the quest for the Orb.
     0 | Abyss:1  | Reached XP level 1. HP: 18/18 MP: 2/2
    92 | Abyss:1  | Noticed a wretched star
   142 | D:1      | Escaped the Abyss
   378 | D:1      | Reached skill level 1 in Dodging
   384 | D:1      | Reached * piety under Lugonu
   421 | D:1      | Gained mutation: You regenerate a little health from kills. [demonic ancestry]
   421 | D:1      | Reached XP level 2. HP: 21/24 MP: 4/4
   865 | D:1      | Gained mutation: You have large cloven feet. [demonic ancestry]
   865 | D:1      | Reached XP level 3. HP: 29/29 MP: 5/5
  1266 | D:2      | Reached ** piety under Lugonu
  2124 | D:3      | Gained mutation: You are partially covered in thin metallic scales (AC +2). [demonic ancestry]
  2124 | D:3      | Reached XP level 4. HP: 36/36 MP: 6/6
  2291 | D:3      | Noticed nebel's ghost (amateur DECj)
  2314 | D:3      | Killed from afar by nebel's ghost

Action                   |  1- 3 |  4- 6 || total
-------------------------+-------+-------++-------
Melee: Hand axe          |   169 |    26 ||   195
Invok: Depart the Abyss  |     1 |       ||     1
  Use: Scroll            |     7 |       ||     7
       Potion            |       |     1 ||     1
  Eat: Chunk             |     4 |     1 ||     5
